 Dungeon Crawl Stone Soup version 0.27-a0-901-g8736458e1e (webtiles) character file.

Game seed: 6568156623952204432

42 HELP the Stinger (level 3, 0/21 HPs)
             Began as an Octopode Venom Mage on Apr 6, 2021.
             Slain by a goblin
             ... wielding a +0 club
             ... led by Robin
              (4 damage)
             ... on level 2 of the Dungeon.
             The game lasted 00:03:42 (1281 turns).

HELP the Stinger (Octopode Venom Mage)              Turns: 1281, Time: 00:03:43

Health: 0/21       AC:  1    Str:  7    XL:     3   Next: 54%
Magic:  4/6        EV: 13    Int: 18    God:
Gold:   44         SH:  0    Dex: 12    Spells: 4/7 levels left

rFire    . . .     SeeInvis .   b - +3 dagger (holy)
rCold    . . .     Faith    .   (no shield)
rNeg     . . .     Spirit   .   (helmet restricted)
rPois    .         Reflect  .   (no amulet)
rElec    .         Harm     .   (no ring)
rCorr    .         Rampage  .   (no ring)
Will     .....                  (no ring)
Stlth    +++.......             (no ring)
HPRegen  0.07/turn              (no ring)
MPRegen  0.10/turn              (no ring)
                                (no ring)
                                (no ring)

@: no status effects
A: almost no armour, amphibious, 8 rings, camouflage 1, gelatinous body 1,
(nimble swimmer 1), tentacles
a: no special abilities


You were on level 2 of the Dungeon.
You visited 1 branch of the dungeon, and saw 2 of its levels.

You collected 44 gold pieces.

Inventory:

Hand Weapons
 b - a +3 dagger of holy wrath (weapon)
Missiles
 g - 26 sling bullets
Scrolls
 c - a scroll of summoning {unknown}
 d - a scroll of brand weapon {unknown}
 e - a scroll of fog {unknown}
 f - a scroll of enchant armour {unknown}
Potions
 a - a potion of heal wounds {unknown}
 h - a potion of flight {unknown}
 i - 2 potions of curing {unknown}


   Skills:
 - Level 2.0 Dodging
 + Level 3.1 Stealth
 + Level 2.5 Spellcasting
 - Level 1.0 Transmutations
 * Level 4.7 Poison Magic


You had 4 spell levels left.
You knew the following spells:

 Your Spells              Type           Power      Damage    Failure   Level
a - Sting                 Tmut/Pois      48%        1d5       5%          1
z - Poisonous Vapours     Pois/Air       20%        N/A       10%         2

Your spell library contained the following spells:

 Spells                   Type           Power      Damage    Failure   Level
 Ignite Poison            Fire/Tmut/Pois 9%         N/A       24%         3
 Olgreb's Toxic Radiance  Pois           19%        N/A       24%         4
 Mephitic Cloud           Conj/Pois/Air  7%         N/A       26%         3


Dungeon Overview and Level Annotations

Branches:
Dungeon (2/15)

Altars:
Xom

Annotations:
D:2 Natasha, Robin


Innate Abilities, Weirdness & Mutations

You cannot wear most types of armour.
You are amphibious.
You can wear up to eight rings at the same time.
Your skin changes colour to match your surroundings (Stealth+).
Your rubbery body absorbs attacks. (AC +1, EV +1)
((You are camouflaged near water. (Stealth+)))
You have tentacles for arms and can constrict up to eight enemies at once.


Message History

Robin shouts!
Robin roars a battlecry!
The goblins go into a battle-frenzy!
A goblin comes into view. It is wielding a +0 dagger.
A goblin comes into view. It is wielding a +0 club.
Natasha moves out of view.
You hear an angry hiss.
Casting: Sting (safe; 5% risk of failure)
Confirm with . or Enter, or press ? or * to list all spells.
Aiming: Poisonous Vapours (safe; 10% risk of failure)
Press: ? - help, Dir - move target, f - Robin
Aim: Robin, wielding a +1 trident of venom, wearing a +0 animal skin and wearing a +0 helmet Poisonous vapours surround Robin!
The goblin shouts!
You hear an angry hiss.
Robin is engulfed in poison gas.
Robin is poisoned.
Robin throws the goblin at you!
A goblin comes into view. It is wielding a +0 club.
The goblin hits you with a +0 club.
Casting: Poisonous Vapours (safe; 10% risk of failure)
Confirm with . or Enter, or press ? or * to list all spells.
Aiming: Poisonous Vapours (safe; 10% risk of failure)
Press: ? - help, Dir - move target, f/p - Robin
Aim: Robin, wielding a +1 trident of venom, wearing a +0 animal skin and wearing a +0 helmet (lightly wounded, poisoned)
You miscast Poisonous Vapours.
You are very lightly contaminated with residual magic.
Nothing appears to happen.
Robin throws the goblin at you! The goblin closely misses you.
The goblin hits you with a +0 dagger. The goblin hits you with a +0 club.
* * * LOW HITPOINT WARNING * * *
Your magical contamination has completely faded away.
The goblin no longer looks unusually strong. x2
The goblin no longer looks unusually strong.
You see here an adder skeleton.
The goblin no longer looks unusually strong.
The goblin hits you with a +0 club.
* * * LOW HITPOINT WARNING * * *
There is a stone staircase leading up here.
The goblin hits you with a +0 club.
You die...

########## ##.....##.#
#.........# #.....###.#
##.._..###.######## #
#......#..÷.......# #
#......#.#.#g.....### #
##.##.#...#.#g###.....
###..##.....#..g@.......
..........g#####........
........................
..........g#####........
.............g.g.##.....
...........##....# #####
...........##.g.g#####
...........###........
......÷....# #........


You could see a hobgoblin (wandering) and 4 goblins.

Vanquished Creatures
  An adder (D:2)
  2 giant cockroaches
  4 goblins
  3 hobgoblins (D:1)
  3 jackals (D:1)
  3 kobolds
  2 quokkas (D:1)
  4 ball pythons (D:1)
  2 bats
  A frilled lizard (D:1)
  5 rats
30 creatures vanquished.

Notes
Turn   | Place    | Note
-------+----------+-------------------------------------------
     0 | D:1      | HELP the Octopode Venom Mage began the quest for the Orb.
     0 | D:1      | Reached XP level 1. HP: 11/11 MP: 3/3
   133 | D:1      | Reached skill level 4 in Poison Magic
   336 | D:1      | Reached XP level 2. HP: 17/17 MP: 3/5
   776 | D:1      | Found a faded altar of an unknown god.
   815 | D:1      | Reached XP level 3. HP: 19/21 MP: 6/6
   898 | D:2      | Found a shimmering altar of Xom.
   911 | D:2      | Learned a level 2 spell: Poisonous Vapours
  1259 | D:2      | Noticed Robin
  1259 | D:2      | Noticed Natasha
  1281 | D:2      | Slain by a goblin

Illustrated notes

Levels and vault maps discovered:
D:1:      saegor_arrival_simple_a, layout_basic, basic_ecumenical_altar,
          minmay_unequal
D:2:      layout_basic, basic_altar, hex_tiny, uniq_robin, uniq_natasha

Skill      XL: |  1  2  3 |
---------------+----------+-----
Poison Magic   | 4 |  4.7
Stealth        | 3 |  3.1
Dodging        | |  2.0
Spellcasting   | |  2.5
Transmutations | |  1.0

Action                   || total
-------------------------++-------
Melee: Dagger            ||    47
       Constrict         ||     8
       Tentacles         ||     7
 Cast: Sting             ||    10
       Poisonous Vapours ||     1
 Stab: Sleeping          ||     4
Armor: Skin              ||     8
Dodge: Dodged            ||    27

Table legend: (Time is in decaauts)
 A = Elapsed time spent in this place.
 B = Non-inter-level travel time spent in this place.
 C = Inter-level travel time spent in this place.
 D = Time resting spent in this place.
 E = Time spent auto-exploring this place.
 F = Levels seen in this place.
 G = Mean time per level.
                   A        B        C        D        E       F      G
               +--------+--------+--------+--------+--------+-----+--------+
         Total |   1280 |   1254 |     26 |      0 |   1046 |   2 |  640.0 |
       Dungeon |   1280 |   1254 |     26 |      0 |   1046 |   2 |  640.0 |
               +--------+--------+--------+--------+--------+-----+--------+

Top non-repeatable levels by time:
     D:1: 887 daAuts
     D:2: 392 daAuts
